 Dungeon Crawl Stone Soup version 0.30-a0-576-g89cddaab80 (webtiles) character file.

Game seed: 11819463723359211924

30 cforsyth the Ruffian (level 3, -4/33 HPs)
             Began as a Ghoul Monk on Dec 31, 2022.
             Slain by Natasha (6 damage)
             ... on level 2 of the Dungeon.
             The game lasted 00:01:33 (1017 turns).

cforsyth the Ruffian (Ghoul Monk)                   Turns: 1017, Time: 00:01:34

Health: -4/33      AC:  2    Str: 16    XL:     3   Next: 20%
Magic:  2/2        EV:  9    Int:  5    God:
Gold:   49         SH:  0    Dex: 11    Spells: 2/2 levels left

rFire   . . .      SeeInvis .      - Unarmed
rCold   + . .      Faith    .    (no shield)
rNeg    + + +      Spirit   .    a - +0 robe
rPois   ∞          Reflect  .    (no helmet)
rElec   .          Harm     .    (no cloak)
rCorr   .          Rampage  .    (no gloves)
Will    .....                    (no boots)
Stlth   ++                       g - amulet of regeneration
HPRegen 0.00/turn                (no ring)
MPRegen 0.08/turn                (no ring)

@: grasped by roots, inhibited regen, constricted
A: claws 1, cold resistance 1, negative energy resistance 3, inhibited
regeneration, torment resistance 2, devour on kill
a: no special abilities


You were on level 2 of the Dungeon.
You visited 1 branch of the dungeon, and saw 2 of its levels.

You collected 49 gold pieces.

Inventory:

Armour
 a - a +0 robe (worn)
Jewellery
 g - an amulet of regeneration (around neck)
Scrolls
 c - 2 scrolls of identify {unknown}
 d - a scroll of silence {unknown}
Potions
 b - a potion of ambrosia
 e - a potion of heal wounds {unknown}
 f - a potion of curing {unknown}
 h - 3 potions of degeneration {unknown}


   Skills:
 + Level 4.0 Fighting
 - Level 2.6 Dodging
 - Level 2.1 Stealth
 + Level 4.0 Unarmed Combat


You had 2 spell levels left.
You didn't know any spells.
Your spell library contained the following spells:

 Spells                   Type           Power      Damage    Failure   Level
 Summon Small Mammal      Summ           0%         N/A       47%         1
 Call Canine Familiar     Summ           0%         N/A       85%         3
 Summon Guardian Golem    Hex/Summ       0%         N/A       85%         3
 Summon Hydra             Summ           0%         N/A       100%        7
 Sublimation of Blood     Necr           Unusable   N/A       N/A         2
 Wereblood                Tmut           Unusable   N/A       N/A         2

Dungeon Overview and Level Annotations

Branches:
Dungeon (2/15)

Altars:

Annotations:
D:2 Natasha


Innate Abilities, Weirdness & Mutations

You are immune to poison.
You have sharp fingernails.
Your flesh is cold resistant. (rC+)
You are immune to negative energy. (rN+++)
You do not regenerate when monsters are visible.
You are immune to unholy pain and torment.
You thrive by killing the living.


Message History

The grasping roots grab you! The grasping roots constrict you.
You hear a shout! x4; You hear an angry hiss.
You hear a shout! x2
You hear an angry hiss.
You hear a shout!
You escape the roots grasp.
Natasha barely misses you.
You scratch Natasha but do no damage. Your claw misses Natasha.
A frilled lizard comes into view.
A ball python comes into view.
Natasha zaps a wand.
The roots erupt in riotous growth!
The grasping roots grab you!
Natasha is unaffected.
The grasping roots constrict you!
You hear a shout!
You scratch Natasha.
Natasha is lightly wounded.
Natasha stares at you and mumbles some strange words.
The magic dart hits you! The grasping roots constrict you.
* * * LOW HITPOINT WARNING * * *
You are too injured to fight recklessly!
You are too injured to fight recklessly!
You are too injured to fight recklessly!
You are too injured to fight recklessly!
You are too injured to fight recklessly!
You are too injured to fight recklessly!
You are too injured to fight recklessly!
You are too injured to fight recklessly!
You are too injured to fight recklessly!
You are too injured to fight recklessly!
You are too injured to fight recklessly!
You are too injured to fight recklessly!
You are too injured to fight recklessly!
You barely miss Natasha.
Natasha is lightly wounded.
You closely miss Natasha.
Natasha is lightly wounded.
Natasha completely misses you. The grasping roots constrict you!
* * * LOW HITPOINT WARNING * * *
You scratch Natasha. Your claw misses Natasha.
Natasha is lightly wounded.
Natasha claws you.
You die...

.. #.....# . .
#....>. #.#...#
. #...... .
#.#...# #......
...#.#...#
#..##.#
.......!.# #..
#.# ...#.#...#
#. #.#
#..#.#...## #.
#.# ......?S..#
#.#
#..#.##@#......
...l...h.......
#..####.####.#P
... ... ..♣ #.
#.# P~ #.# #..
#..


You could see Natasha, a ball python and a frilled lizard.

Vanquished Creatures
  An adder (D:2)
  A dart slug (D:2)
  A ball python (D:1)
  3 goblins
  2 hobgoblins
  2 jackals (D:2)
  5 bats
  3 frilled lizards (D:1)
  A kobold (D:1)
  A rat (D:1)
20 creatures vanquished.

Notes
Turn   | Place    | Note
-------+----------+-------------------------------------------
     0 | D:1      | cforsyth the Ghoul Monk began the quest for the Orb.
     0 | D:1      | Reached XP level 1. HP: 19/19 MP: 0/0
   427 | D:1      | Reached XP level 2. HP: 26/26 MP: 1/1
   857 | D:2      | Reached XP level 3. HP: 12/33 MP: 2/2
  1008 | D:2      | Noticed Natasha
  1017 | D:2      | Slain by Natasha

Illustrated notes

Levels and vault maps discovered:
D:1:      shiori_arrival_whats_in_store_for_you, layout_loops_corners
D:2:      cheibrodos_pilgrimage, layout_basic, serial_bayou,
          serial_bayou_crossing, serial_bayou_pond_d, serial_bayou_lagoon_a,
          serial_bayou_lake_a, shapermc_ecumenical_altar_mp_vishouse,
          uniq_natasha

Skill      XL: |  1  2 |
---------------+-------+-----
Fighting       | 4 |  4.0
Unarmed Combat | 4 |  4.0
Dodging        | |  2.6
Stealth        | |  2.1

Action                   || total
-------------------------++-------
Melee: Unarmed           ||    62
       Punch             ||     2
 Stab: Sleeping          ||     5
       Distracted        ||     1
Armor: Robe              ||     8
Dodge: Dodged            ||    42

Table legend: (Time is in decaauts)
 A = Elapsed time spent in this place.
 B = Non-inter-level travel time spent in this place.
 C = Inter-level travel time spent in this place.
 D = Time resting spent in this place.
 E = Time spent auto-exploring this place.
 F = Levels seen in this place.
 G = Mean time per level.
                   A        B        C        D        E       F      G
               +--------+--------+--------+--------+--------+-----+--------+
         Total |   1012 |   1006 |      6 |      0 |    840 |   2 |  506.0 |
       Dungeon |   1012 |   1006 |      6 |      0 |    840 |   2 |  506.0 |
               +--------+--------+--------+--------+--------+-----+--------+

Top non-repeatable levels by time:
     D:1: 791 daAuts
     D:2: 221 daAuts
